AoeStats
← 732436706

Arena

510765323Analyzed
4v4 RM · 1d ago on Oct 2, 2026· 47m 8s· 8 players
Game mode
Random Map
Map size
Large (8 player)
Population
200
Speed
Normal
Resources
Standard
Victory
Conquest
Starting age
Dark Age
Ending age
Imperial Age
RankedLock teamsTeams togetherTeam positionsShared explorationLock speedFull tech treeHidden civsTurbo modeCheats
Victory
Defeat
🇩🇰 Vietnamese · Denmark
990
+13
🇨🇴 Mongols · Colombia
976
+14
🇨🇳 Franks · China
908
+17
🇭🇰 Saxons · Hong Kong SAR China
855
+20
🇨🇳 Teutons · China
938
-16
🇹🇼 Spanish · Taiwan
933
-16
🇹🇷 Spanish · Türkiye
924
-16
🇹🇼 Persians · Taiwan
922
-16
hank.su.yen.hao
6:54 Loom
12:33 Feudal Age
13:16 Double-Bit Axe
13:14 Horse Collar
13:29 Gold Mining
15:58 Castle Age
13:58 Stone Mining
17:01 Bow Saw
16:57 Heavy Plow
23:38 Bloodlines
25:39 Pikeman
27:19 Wheelbarrow
31:51 Imperial Age
31:28 Forging
31:19 Scale Mail Armor
31:17 Town Watch
31:49 Hand Cart
31:50 Gambesons
32:05 Squires
34:54 Chemistry
33:37 Halberdier
35:13 Iron Casting
35:34 Conscription
35:27 Masonry
39:33 Blast Furnace
38:49 Chain Mail Armor
39:56 Man-at-Arms
41:17 Fletching
41:28 Padded Archer Armor
40:52 Capped Ram
44:02 Two-Man Saw
43:16 Elite Skirmisher
43:51 Long Swordsman
SUZUKI
1:46 Loom
11:13 Feudal Age
13:01 Double-Bit Axe
14:23 Gold Mining
19:13 Castle Age
18:43 Stone Mining
20:21 Bow Saw
23:14 Ballistics
24:00 Gold Shaft Mining
25:48 Stone Shaft Mining
32:36 Imperial Age
31:15 Kamandaran
32:52 Wheelbarrow
33:48 Conscription
36:30 Chemistry
35:28 Murder Holes
36:20 Horse Collar
37:33 Padded Archer Armor
37:24 Fletching
37:45 Forging
37:35 Scale Mail Armor
38:02 Hand Cart
38:27 Thumb Ring
37:44 Crossbowman
40:46 Parthian Tactics
42:20 Two-Man Saw
41:43 Leather Archer Armor
41:23 Bodkin Arrow
42:04 Iron Casting
42:25 Elite War Elephant
44:17 Hoardings
46:24 Elite Skirmisher
岁寒
6:53 Loom
10:10 Feudal Age
10:55 Double-Bit Axe
12:53 Town Watch
13:31 Fletching
24:46 Castle Age
23:27 Horse Collar
24:50 Pikeman
27:41 Bodkin Arrow
31:49 Imperial Age
29:25 Heavy Plow
29:35 Gold Mining
30:36 Bow Saw
34:17 Chemistry
35:02 Wheelbarrow
35:42 Chemistry
35:04 Elite Teutonic Knight
35:54 Siege Engineers
36:44 Hand Cart
40:29 Onager
YAMAHA
1:16 Loom
2:09 Loom
11:11 Feudal Age
18:19 Castle Age
16:11 Double-Bit Axe
16:09 Horse Collar
21:15 Gold Mining
25:59 Wheelbarrow
26:20 Scale Barding Armor
28:06 Fortified Wall
31:56 Imperial Age
30:21 Hand Cart
31:48 Bow Saw
31:40 Heavy Plow
34:06 Chemistry
33:51 Ballistics
34:25 Scale Barding Armor
34:34 Murder Holes
34:52 Masonry
38:13 Chain Barding Armor
38:31 Bombard Tower
47:35 Husbandry
47:45 Bloodlines
Lancelot_
7:36 Loom
9:59 Feudal Age
15:03 Castle Age
13:06 Horse Collar
13:51 Double-Bit Axe
23:32 Heavy Plow
29:19 Stone Mining
30:28 Wheelbarrow
31:49 Hand Cart
35:53 Imperial Age
33:51 Padded Archer Armor
33:42 Fletching
34:59 Leather Archer Armor
35:27 Bodkin Arrow
35:53 Forging
35:38 Gold Mining
36:25 Stone Shaft Mining
36:54 Ballistics
37:49 Chemistry
37:17 Scale Barding Armor
37:52 Gold Shaft Mining
37:54 Conscription
38:30 Iron Casting
38:46 Chain Barding Armor
38:53 Elite Mangudai
41:02 Blast Furnace
41:09 Scale Mail Armor
41:25 Bow Saw
41:18 Husbandry
41:28 Bloodlines
40:40 Light Cavalry
41:27 Hussar
43:02 Chain Mail Armor
43:07 Murder Holes
46:26 Onager
47:38 Plate Mail Armor
AngelusMagno
0:27 Loom
13:40 Feudal Age
15:14 Fletching
18:18 Castle Age
16:16 Double-Bit Axe
17:38 Horse Collar
17:49 Gold Mining
18:40 Wheelbarrow
17:52 Town Watch
18:13 Stone Mining
19:40 Bow Saw
19:32 Heavy Plow
20:22 Hand Cart
19:59 Town Watch
23:16 Stone Shaft Mining
24:46 Ballistics
25:27 Bodkin Arrow
25:59 Padded Archer Armor
26:24 Treadmill Crane
27:02 Masonry
29:40 Thumb Ring
29:51 Leather Archer Armor
35:24 Imperial Age
33:56 Town Patrol
37:31 Two-Man Saw
37:02 Crop Rotation
38:14 Chemistry
38:48 Paper Money
38:46 Bracer
41:10 Siege Engineers
41:15 Elite Rattan Archer
42:29 Ring Archer Armor
ctgu_lishengfei
8:19 Loom
11:10 Feudal Age
12:33 Double-Bit Axe
13:45 Gold Mining
16:24 Castle Age
14:54 Loom
17:57 Scale Barding Armor
32:40 Imperial Age
30:27 Padded Archer Armor
30:43 Forging
32:18 Iron Casting
32:20 Husbandry
34:20 Bow Saw
34:34 Chain Barding Armor
36:57 Plate Barding Armor
36:15 Capped Ram
36:59 Scale Mail Armor
38:57 Wheelbarrow
40:09 Blast Furnace
42:34 Chain Mail Armor
45:30 Cavalier
45:38 Pikeman
46:18 Squires
46:04 Arson
46:24 Squires
47:32 Plate Mail Armor
732436706
10:20 Feudal Age
10:58 Double-Bit Axe
12:05 Horse Collar
12:31 Gold Mining
20:32 Castle Age
18:35 Stone Mining
18:38 Arson
18:13 Man-at-Arms
19:05 Scale Mail Armor
19:54 Forging
21:22 Squires
20:58 Long Swordsman
22:07 Bow Saw
22:21 Gambesons
22:59 Squires
23:10 Heavy Plow
24:33 Wheelbarrow
23:44 Elite Skirmisher
24:52 Padded Archer Armor
24:43 Fletching
25:25 Treadmill Crane
26:20 Caravan
27:45 Gold Shaft Mining
27:52 Hand Cart
30:34 Ballistics
29:40 Clerical Recruitment
31:44 Thumb Ring
32:36 Thumb Ring
35:41 Imperial Age
34:31 Murder Holes
34:58 Leather Archer Armor
34:38 Bodkin Arrow
35:33 Bodkin Arrow
36:14 Pikeman
36:27 Imperial Skirmisher
37:41 Ring Archer Armor
37:12 Bracer
37:39 Conscription
38:34 Two-Man Saw
37:47 Shield Wall
37:50 Two-Handed Swordsman
38:59 Elite Hearth Troop
41:28 Chemistry
41:49 Elite Varangian Guard
46:03 Loom
46:04 Town Watch
Connection lost

Rejoining the realm…

Still unreachable

The connection could not be restored.

Session expired

The server has moved on; the page needs a fresh start.